 Dungeon Sprint DCSS version 0.22.1-2-g9c5b331383 (webtiles) character file.

94 Groucho the Covert (level 4, -9/21 HPs)
             Began as a Spriggan Enchanter on Nov 15, 2018.
             Mangled by a merfolk siren
             ... wielding a +0 spear
              (18 damage)
             ... in the Dungeon (Sprint II: "The Violet Keep of Menkaure").
             The game lasted 00:02:12 (295 turns).

Groucho the Covert (Spriggan Enchanter)              Turns: 295, Time: 00:02:13

Health: -9/21      AC:  2    Str:  4    XL:     4   Next: 38%
Magic:  3/12       EV: 18    Int: 17    God:
Gold:   243        SH:  0    Dex: 16    Spells: 2/14 levels left

rFire    . . .     SeeInvis +   a - +1 dagger
rCold    . . .     Gourm    .   (shield restricted)
rNeg     . . .     Faith    .   b - +0 robe
rPois    .         Spirit   .   (helmet restricted)
rElec    .         Reflect  .   (no cloak)
rCorr    .         Harm     .   (gloves unavailable)
MR       .....     NoTele   +   (boots unavailable)
Stlth    +++++.....             (no amulet)
HPRegen  0.07/turn              (no ring)
MPRegen  0.13/turn              (no ring)

@: mesmerised, very slightly contaminated, very quick
A: very small, unfitting armour, see invisible, herbivore, speed 3, slow
metabolism 2
a: no special abilities


You were in the Dungeon.
You were not hungry.

You visited 1 branch You collected 243 gold pieces.

Inventory:

Hand Weapons
 a - a +1 dagger (weapon)
Armour
 b - a +0 robe (worn)
Scrolls
 j - a scroll of blinking
Comestibles
 d - a ration


   Skills:
 - Level 1.1 Short Blades
 - Level 3.0 Dodging
 * Level 10.5 Stealth
 + Level 5.8 Spellcasting
 + Level 6.3 Hexes


You had 2 spell levels left.
You knew the following spells:

 Your Spells              Type           Power        Failure   Level  Hunger
a - Corona                Hex            ####...      1%          1    None
b - Ensorcelled Hibernat  Hex/Ice        ###...       5%          2    #......
c - Confuse               Hex            ####....     3%          3    ##.....
d - Dazzling Spray        Conj/Hex       ###...       11%         3    ##.....
e - Tukima's Dance        Hex            ####....     3%          3    ##.....

Your spell library contained the following spells:

 Spells                   Type           Power        Failure   Level  Hunger


Dungeon Overview and Level Annotations

Branches:
Dungeon (1/1)

Altars:


Innate Abilities, Weirdness & Mutations

You are very small and have problems with some larger weapons.
You are too small for most types of armour.
You have supernaturally acute eyesight. (SInv)
You are a herbivore.
You cover ground extremely quickly.
You need to consume almost no food.


Message History

You hit the merfolk siren.
The merfolk siren is heavily wounded.
The merfolk siren closely misses you.
You barely miss the merfolk siren.
The merfolk siren is heavily wounded.
The merfolk siren chants its luring song.
You barely miss the merfolk siren.
The merfolk siren is heavily wounded.
The merfolk siren chants its luring song.
You closely miss the merfolk siren.
The merfolk siren is heavily wounded.
The merfolk siren chants its luring song.
You closely miss the merfolk siren.
The merfolk siren is heavily wounded.
The merfolk siren completely misses you.
You closely miss the merfolk siren.
The merfolk siren is heavily wounded.
The merfolk siren hits you with a spear!!
Ouch! That really hurt!
You die...

##+##
##.$.##
#..#.m#
####..@#
##†###'##
#..###.##
+##†'.<.+
#..###.##
##.# #+#
###


You could see a merfolk siren.

Vanquished Creatures
  4 worker ants (D)
4 creatures vanquished.

Vanquished Creatures (others)
  A crocodile (D)
1 creature vanquished.

Grand Total: 5 creatures vanquished

Notes
Turn   | Place    | Note
-------+----------+-------------------------------------------
     0 | D        | Groucho the Spriggan Enchanter began the quest for the Orb.
     0 | D        | Reached XP level 1. HP: 9/9 MP: 5/5
     1 | D        | Noticed a worker ant
     1 | D        | Noticed a worker ant
     7 | D        | Killed a worker ant
     7 | D        | Reached skill level 7 in Stealth
     7 | D        | Reached XP level 2. HP: 13/13 MP: 6/8
    11 | D        | Reached skill level 8 in Stealth
    11 | D        | Reached skill level 5 in Hexes
    11 | D        | Reached XP level 3. HP: 16/16 MP: 7/10
    25 | D        | Killed a crocodile
   180 | D        | Reached skill level 9 in Stealth
   180 | D        | Reached skill level 5 in Spellcasting
   180 | D        | Reached XP level 4. HP: 21/21 MP: 12/12
   184 | D        | Learned a level 2 spell: Ensorcelled Hibernation
   188 | D        | Learned a level 3 spell: Confuse
   192 | D        | Learned a level 3 spell: Dazzling Spray
   196 | D        | Learned a level 3 spell: Tukima's Dance
   198 | D        | Reached skill level 10 in Stealth
   205 | D        | Noticed a merfolk siren
   295 | D        | Mangled by a merfolk siren

Skill      XL: |  1  2  3  4 |
---------------+-------------+-----
Stealth        | 7 8 9 10 | 10.5
Spellcasting   | 4 5 |  5.8
Hexes          | 4 5 6 |  6.3
Short Blades   | |  1.1
Dodging        | |  3.0

Action                   |  1- 3 |  4- 6 || total
-------------------------+-------+-------++-------
Melee: Dagger            |     9 |    70 ||    79
 Cast: Confuse           |       |     7 ||     7
       Dazzling Spray    |       |     3 ||     3
  Use: Potion            |     1 |     5 ||     6
 Stab: Sleeping          |     1 |     1 ||     2
Dodge: Dodged            |     4 |    10 ||    14
